AoeStats
← blueshell

Arabia

508126231Analyzed
1v1 RM · 12d ago on Sep 21, 2026· 51m 28s· 2 players
Game mode
Random Map
Map size
Tiny (2 player)
Population
200
Speed
Normal
Resources
Standard
Victory
Conquest
Starting age
Dark Age
Ending age
Imperial Age
RankedLock teamsTeams togetherTeam positionsShared explorationLock speedFull tech treeHidden civsTurbo modeCheats
Victory
Defeat
🇺🇸 Aztecs · United States
794
+14
🇺🇸 Koreans · United States
750
-14
blueshell
11:54 Feudal Age
12:24 Double-Bit Axe
12:21 Horse Collar
16:22 Wheelbarrow
17:05 Fletching
19:24 Stone Mining
19:26 Gold Mining
25:45 Castle Age
25:18 Town Watch
25:21 Loom
26:23 Bodkin Arrow
25:54 Crossbowman
28:38 Hand Cart
28:27 Town Patrol
28:43 Hand Cart
31:36 Light Cavalry
32:17 Husbandry
34:36 Eupseong
37:45 Gold Shaft Mining
38:26 Bow Saw
48:05 Imperial Age
46:21 Stone Shaft Mining
49:46 Bracer
TenToesDown3891
5:47 Loom
10:26 Feudal Age
11:44 Horse Collar
11:53 Double-Bit Axe
15:06 Forging
15:58 Scale Mail Armor
17:45 Wheelbarrow
19:15 Gold Mining
21:47 Castle Age
20:16 Padded Archer Armor
20:48 Stone Mining
21:49 Elite Skirmisher
24:16 Leather Archer Armor
26:16 Bow Saw
27:00 Sanctity
27:01 Fervor
27:53 Fletching
29:29 Bodkin Arrow
30:14 Herbal Medicine
31:00 Hand Cart
31:21 Chain Mail Armor
31:06 Arson
31:23 Squires
31:09 Gambesons
33:45 Iron Casting
38:21 Imperial Age
39:48 Elite Jaguar Warrior
42:55 Bracer
45:57 Blast Furnace
49:01 Conscription
Connection lost

Rejoining the realm…

Still unreachable

The connection could not be restored.

Session expired

The server has moved on; the page needs a fresh start.